 Dungeon Crawl Stone Soup version 0.23-a0-333-g006994f (webtiles) character file.

5477 Ijustatesigmund the Contemplative (level 10, -3/67 HPs)
             Began as an Octopode Wizard on Oct 17, 2018.
             Was a Priest of Cheibriados.
             Slain by a merfolk
             ... wielding a +0 spear
              (16 damage)
             ... on level 9 of the Dungeon.
             The game lasted 00:42:23 (16093 turns).

Ijustatesigmund the Contemplative (OpWz)           Turns: 16093, Time: 00:42:23

Health: -3/67      AC:  2    Str: 13    XL:     10   Next: 69%
Magic:  14/17      EV: 18    Int: 28    God:    Cheibriados [***...]
Gold:   471        SH:  0    Dex: 21    Spells: 8/18 levels left

rFire    + . .     SeeInvis .   q - +5 short sword (protect)
rCold    . . .     Gourm    .   (no shield)
rNeg     . . .     Faith    .   a - +1 hat
rPois    +         Spirit   .   s - amulet of magic regeneration
rElec    .         Reflect  .   h - ring of protection from fire
rCorr    .         Harm     .   u - ring of poison resistance
MR       .....     Clarity  +   (no ring)
Stlth    ++++......             (no ring)
HPRegen  0.21/turn              (no ring)
MPRegen  0.40/turn              (no ring)
                                (no ring)
                                (no ring)

@: very slow
A: almost no armour, stealthy swim, amphibious, 8 rings, constrict 8, camouflage
1, clarity, robust 1, gelatinous body 1, subdued magic 1
a: Bend Time, Temporal Distortion, Renounce Religion


You were on level 9 of the Dungeon.
You worshipped Cheibriados.
Cheibriados was most pleased with you.
You were hungry.

You visited 2 branches of the dungeon, and saw 10 of its levels.

You collected 471 gold pieces.

Inventory:

Hand Weapons
 f - a +0 flail
 k - a +4 dagger of venom
 n - a +0 blowgun
 q - a +5 short sword of protection (weapon)
 w - a +1 flail of holy wrath
 x - a cursed +5 spear
Missiles
 d - 2 throwing nets (quivered)
 o - 54 poisoned needles
Armour
 a - a +1 hat (worn)
Jewellery
 h - a ring of protection from fire (left tentacle)
 s - an amulet of magic regeneration (around mantle)
 u - a ring of poison resistance (right tentacle)
Wands
 i - a wand of iceblast (9)
 v - a wand of polymorph (21)
 y - a wand of paralysis (20)
Scrolls
 g - 5 scrolls of teleportation
 l - 3 scrolls of amnesia
 m - 3 scrolls of remove curse
 t - 3 scrolls of immolation
 B - 2 scrolls of enchant armour
Potions
 b - 6 potions of curing
 e - a potion of resistance
 j - 2 potions of magic
 p - 3 potions of might {unknown}
 r - a potion of ambrosia
 z - 2 potions of invisibility {unknown}
Comestibles
 c - 14 rations


   Skills:
 - Level 2.4 Fighting
 - Level 2.0 Short Blades
 + Level 6.0 Dodging
 - Level 5.5 Stealth
 - Level 4.7 Spellcasting
 - Level 6.1 Conjurations
   Level 1.0 Summonings
 - Level 3.4 Translocations
 - Level 5.2 Air Magic
 - Level 4.3 Poison Magic
 + Level 9.5 Invocations


You had 8 spell levels left.
You knew the following spells:

 Your Spells              Type           Power        Failure   Level  Hunger
a - Magic Dart            Conj           ####         1%          1    None
b - Blink                 Tloc           N/A          1%          2    None
c - Mephitic Cloud        Conj/Pois/Air  ####....     1%          3    #......
d - Conjure Flame         Conj/Fire      ###.....     4%          3    #......
e - Apportation           Tloc           ###...       1%          1    None

Your spell library contained the following spells:

 Spells                   Type           Power        Failure   Level  Hunger
 Summon Small Mammal      Summ           #...         3%          1    None
 Dazzling Spray           Conj/Hex       ###...       4%          3    #......
 Animate Skeleton         Necr           N/A          5%          1    None
 Confusing Touch          Hex            #.....       5%          1    None
 Corona                   Hex            #......      5%          1    None
 Call Imp                 Summ           #.......     5%          2    None
 Ensorcelled Hibernation  Hex/Ice        #.....       9%          2    None
 Slow                     Hex            #.......     9%          2    None
 Confuse                  Hex            #.......     17%         3    #......
 Tukima's Dance           Hex            #.......     17%         3    #......


Dungeon Overview and Level Annotations

Branches:
Dungeon (9/15)             Temple (1/1) D:6            Lair (0/6) D:9
    Orc: D:9-12

Altars:
Cheibriados
Dithmenos
Elyvilon
Fedhas
Gozag
Hepliaklqana
Kikubaaqudgha
Makhleb
Nemelex Xobeh
Okawaru
Qazlal
Ru
Sif Muna
Trog
Vehumet
Wu Jian
Zin
The Shining One


Innate Abilities, Weirdness & Mutations

You cannot wear most types of armour.
You are very stealthy in the water. (Stealth+)
You are amphibious.
You can wear up to eight rings at the same time.
You can use your tentacles to constrict eight enemies at once.
Your skin changes colour to match your surroundings (Stealth+).
Your rubbery body absorbs attacks. (AC +1, EV +1)
You possess an exceptional clarity of mind.
You are robust. (+10% HP)
Your spells are a little easier to cast, but a little less powerful.


Message History

Aim: a merfolk, wielding a +0 spear The magic dart hits the merfolk.
The merfolk is lightly wounded.
The merfolk hits you from afar with a +0 spear!!
You are too injured to fight recklessly!
You are too injured to fight recklessly!
You are too injured to fight recklessly!
You are too injured to fight recklessly!
The merfolk hits you from afar with a +0 spear!!
* * * LOW HITPOINT WARNING * * *
The merfolk completely misses you.
Casting: Magic Dart (safe; 1% risk of failure)
Confirm with . or Enter, or press ? or * to list all spells.
Aiming: Mephitic Cloud (safe; 1% risk of failure)
Press: ? - help, Shift-Dir - straight line, f/p - merfolk
Aim: a merfolk, wielding a +0 spear The ball explodes into a vile cloud!
The stinking cloud engulfs the merfolk.
The merfolk is engulfed in noxious fumes.
The merfolk hits you from afar with a +0 spear!
You die...

#.#...##.####.......#
#.#.#.'..# ####'####
#...#.#### ##..# ###'###
#..## #.# ## #+####
#.#####§#(%#....#
#..##§m....#....###
##.##§#≈≈≈≈#....'.#
#####.##@######....#.####
#......†.....'.....#.....
....###.########.....######
## #.# #.....# # #.#
#.....# #.# ##'#### #.#
#...## #.# ###..# ##### #.#
##.#


You could see a merfolk.

Vanquished Creatures
  A two-headed ogre (D:3)
  Grinder (D:6)
  A hippogriff (D:8)
  Sigmund (D:6)
  A hungry ghost (D:7)
  A water moccasin (D:7)
  4 sky beasts
  2 phantoms
  4 black bears
  An eye of draining (D:8)
  2 necrophages (D:7)
  3 ogres
  A hornet zombie (D:8)
  2 centaurs (D:7)
  A crocodile (D:7)
  3 bullfrogs
  A gnoll sergeant (D:7)
  3 scorpions
  6 wights
  An electric eel (D:6)
  A howler monkey (D:5)
  4 crimson imps
  A centaur zombie (D:5)
  5 hounds
  2 bullfrog skeletons
  2 orc priests
  A gnoll shaman (D:9)
  8 orc wizards
  A centaur skeleton (D:7)
  Natasha (thrice) (D:2)
  2 iguanas (D:7)
  9 worker ants
  A hound skeleton (D:6)
  A howler monkey zombie (D:9)
  A mummy (D:4)
  A worker ant zombie (D:8)
  A howler monkey skeleton (D:9)
  19 adders
  12 gnolls
  3 shadow imps
  2 oozes
  2 adder skeletons
  2 adder zombies
  A worm (D:2)
  2 dart slugs (D:1)
  11 leopard geckos
  22 orcs
  7 bats
  9 giant cockroaches
  13 goblins
  10 hobgoblins
  13 jackals
  7 quokkas
  6 frilled lizards
  A giant cockroach zombie (D:5)
  2 hobgoblin zombies (D:4)
  A jackal skeleton (D:4)
  10 kobolds
  A kobold zombie (D:4)
  An orc zombie (D:4)
  A quokka zombie (D:5)
  6 rats
  3 fungi (D:6)
251 creatures vanquished.

Notes
Turn   | Place    | Note
-------+----------+-------------------------------------------
     0 | D:1      | Ijustatesigmund the Octopode Wizard began the quest for the
                  | Orb.
     0 | D:1      | Reached XP level 1. HP: 11/11 MP: 4/4
   336 | D:1      | Reached XP level 2. HP: 17/17 MP: 0/6
   374 | D:1      | Learned a level 2 spell: Blink
   945 | D:1      | Reached XP level 3. HP: 21/21 MP: 4/7
  2137 | D:2      | Reached XP level 4. HP: 19/27 MP: 1/8
  2358 | D:2      | Found a bloodstained altar of Trog.
  2418 | D:2      | Noticed Natasha
  2453 | D:2      | Killed Natasha
  2700 | D:2      | Noticed Natasha
  2705 | D:2      | Killed Natasha
  2705 | D:2      | Reached XP level 5. HP: 21/31 MP: 3/9
  2714 | D:2      | Learned a level 3 spell: Mephitic Cloud
  2819 | D:2      | Noticed Natasha
  2825 | D:2      | Killed Natasha
  2825 | D:2      | Reached skill level 1 in Air Magic
  2982 | D:2      | Reached skill level 1 in Poison Magic
  3866 | D:2      | Reached XP level 6. HP: 36/36 MP: 10/10
  4268 | D:3      | Noticed a two-headed ogre
  5170 | D:3      | Killed a two-headed ogre
  5170 | D:3      | Reached skill level 5 in Stealth
  5170 | D:3      | Reached skill level 5 in Air Magic
  5170 | D:3      | Reached XP level 7. HP: 21/41 MP: 0/11
  5170 | D:3      | Reached XP level 8. HP: 24/46 MP: 0/12
  5840 | D:3      | Reached skill level 1 in Fighting
  7387 | D:4      | Reached skill level 1 in Short Blades
  7387 | D:4      | Reached skill level 5 in Conjurations
  8260 | D:5      | Entered Level 5 of the Dungeon
  8378 | D:5      | Learned a level 3 spell: Conjure Flame
  8672 | D:5      | Gained mutation: You are robust. (+10% HP) [potion of
                  | mutation]
  8672 | D:5      | Gained mutation: Your spells are a little easier to cast,
                  | but a little less powerful. [potion of mutation]
  8672 | D:5      | Gained mutation: You possess an exceptional clarity of
                  | mind. [potion of mutation]
  9237 | D:5      | Reached XP level 9. HP: 60/60 MP: 11/15
  9589 | D:6      | Noticed Grinder
  9904 | D:6      | Found a staircase to the Ecumenical Temple.
  9923 | Temple   | Entered the Ecumenical Temple
 10016 | Temple   | Became a worshipper of Cheibriados the Contemplative
 10141 | D:6      | Reached skill level 1 in Invocations
 10187 | D:6      | Reached skill level 2 in Invocations
 10233 | D:6      | Learned a level 1 spell: Apportation
 10480 | D:6      | Reached skill level 3 in Invocations
 10891 | D:6      | Paralysed by Grinder for 4 turns
 10902 | D:6      | Killed Grinder
 10902 | D:6      | Reached skill level 4 in Invocations
 11201 | D:6      | Noticed Sigmund
 11209 | D:6      | Killed Sigmund
 11209 | D:6      | Reached skill level 5 in Invocations
 11287 | D:6      | Reached * piety under Cheibriados
 11626 | D:7      | Reached skill level 6 in Invocations
 11793 | D:7      | Reached skill level 7 in Invocations
 12191 | D:7      | Reached XP level 10. HP: 67/67 MP: 17/17
 12376 | D:7      | Found an opulent altar of Gozag.
 12376 | D:7      | Found a faded altar of an unknown god.
 12381 | D:7      | Found a sparkling altar of Nemelex Xobeh.
 12383 | D:7      | Found a radiant altar of Vehumet.
 12384 | D:7      | Found a faded altar of an unknown god.
 13113 | D:7      | Reached skill level 8 in Invocations
 13294 | D:7      | Reached ** piety under Cheibriados
 14283 | D:8      | Reached skill level 5 in Dodging
 14477 | D:8      | Reached skill level 9 in Invocations
 14650 | D:8      | Reached *** piety under Cheibriados
 14885 | D:8      | Found a blossoming altar of Fedhas.
 15547 | D:9      | Found a staircase to the Lair.
 16093 | D:9      | Slain by a merfolk

Vault maps used:
D:1:      minmay_arrival_stair_chambers, chequers_garden
D:2:      lemuel_crystal_altar, grunt_ministairs_10, uniq_natasha
D:3:      item_on_display_a
D:4:      corexii_shack_village, minmay_mini_ossuary
D:5:      mumra_celtic_spiral_tile, first_ration
D:6:      minmay_temple_entry_glass, water_boxes_lemuel, uniq_grinder,
          uniq_sigmund
D:7:      chequers_temple_overflow_minitemple, grunt_potential
D:8:      fedhas_altar_4
D:9:      lair_entry_dummy, hangedman_fish_farm
Temple:   regret_index_temple_mists

Skill      XL: |  1  2  3  4  5  6  7  8  9 10 |
---------------+-------------------------------+-----
Conjurations   | 2 3 5 6 |  6.1
Translocations | 2 3 |  3.4
Air Magic      | 1 5 |  5.2
Poison Magic   | 1 4 |  4.3
Stealth        | 5 |  5.5
Fighting       | 2 |  2.4
Short Blades   | 2 |  2.0
Spellcasting   | 4 |  4.7
Invocations    | 7 9 |  9.5
Dodging        | 6 |  6.0
Summonings     | |  1.0

Action                   |  1- 3 |  4- 6 |  7- 9 | 10-12 || total
-------------------------+-------+-------+-------+-------++-------
Melee: Unarmed           |     8 |       |       |       ||     8
       Constrict         |     8 |    12 |    36 |    21 ||    77
       Short sword       |    19 |    32 |   173 |   107 ||   331
       Tentacles         |     1 |     5 |    35 |    29 ||    70
       Mace              |       |    19 |       |       ||    19
       Dagger            |       |    10 |    41 |       ||    51
Throw: Throwing net      |       |     1 |       |       ||     1
 Cast: Magic Dart        |    73 |    99 |   253 |   213 ||   638
       Mephitic Cloud    |       |     5 |     9 |    18 ||    32
       Blink             |       |     4 |     2 |    12 ||    18
       Conjure Flame     |       |       |       |     2 ||     2
  Use: Scroll            |     4 |     1 |    15 |     4 ||    24
       Potion            |     1 |     3 |     2 |     2 ||     8
 Stab: Sleeping          |     1 |     1 |    16 |     2 ||    20
       Confused          |       |     2 |     1 |     2 ||     5
  Eat: Chunk             |     2 |     8 |    12 |     2 ||    24
       Ration            |     1 |     1 |     2 |     2 ||     6
Armor: Skin              |     3 |    18 |    40 |    30 ||    91
Dodge: Dodged            |    31 |    34 |   124 |   144 ||   333

Table legend:
 A = Non-vault XP
 B = Vault XP
 C = Vault XP percentage of total XP
 D = Non-vault monster count
 E = Vault monster count
 F = Vault count percentage of total count
                 A         B        C        D         E       F
            +---------+---------+-------+---------+---------+-------
      Total |    6555 |    1270 |  16.2 |     220 |      28 |  11.3
            +---------+---------+-------+---------+---------+-------
        D:1 |      61 |       2 |   3.2 |      23 |       1 |   4.2
        D:2 |     274 |      37 |  11.9 |      38 |       2 |   5.0
        D:3 |    1139 |       0 |   0.0 |      29 |       0 |   0.0
        D:4 |     526 |      40 |   7.1 |      16 |      13 |  44.8
        D:5 |     364 |       0 |   0.0 |      20 |       0 |   0.0
        D:6 |     881 |     501 |  36.3 |      26 |       2 |   7.1
        D:7 |    1802 |     690 |  27.7 |      32 |      10 |  23.8
        D:8 |     995 |       0 |   0.0 |      21 |       0 |   0.0
        D:9 |     513 |       0 |   0.0 |      15 |       0 |   0.0
            +---------+---------+-------+---------+---------+-------
